 Dungeon Sprint DCSS version 0.18.1-50-g88ac8fd (webtiles) character file.

7044 varam the Thaumaturge (level 11, -1/54 HPs)
             Began as a Gargoyle Earth Elementalist on Oct 10, 2016.
             Was the Champion of Vehumet.
             Slain by a vault guard
             ... wielding a +0 long sword
              (4 damage)
             ... in the Dungeon (Sprint V: "Ziggurat Sprint").
             The game lasted 00:19:23 (1137 turns).

varam the Thaumaturge (Gargoyle Earth Elementalist) Turns: 1137, Time: 00:19:23

Health: -1/54      AC: 37    Str: 23    XL:     11   Next: 9%
Magic:  8/29       EV: -1    Int: 19    God:    Vehumet [******]
Gold:   0          SH: 25    Dex:  8    Spells: 6 memorised, 15 levels left

rFire  . . .     SeeInvis .     Z - +7 falchion of Mefoq {distort, +Fly rC+ Str+5 Dex-2}
rCold  + . .     Gourm    .     M - +15 Maxwell's patent armour {-Cast -Tele rElec MR+ rCorr}
rNeg   + + .     Faith    .     N - +18 shield of the gong {rElec rN+ MR+ EV-5}
rPois  ∞         Spirit   .     (no helmet)
rElec  +         Dismiss  .     E - +1 cloak {rPois}
rCorr  +         Reflect  .     (no gloves)
SustAt .         Harm     .     (no boots)
MR     ++...     NoTele   +     (no amulet)
Stlth  .......... NoCast   +    a - +3 ring of protection
                                I - +6 ring of strength

@: exhausted, very slightly contaminated, slowed, invisible (expiring), very
slow, very resistant to hostile enchantments, extremely unstealthy
A: negative energy resistance 1, electricity resistance, unbreathing,
petrification resistance, rot immunity, AC +7
a: Renounce Religion, Evoke Flight


You were in the Dungeon.
You worshipped Vehumet.
Vehumet was exalted by your worship.
You were not hungry.

You visited 1 branch

Inventory:

Hand Weapons
 K - the +8 lance "Wyrmbane" {slay drac, +Rage rPois rF+ AC+5}
   (You found it in the Dungeon)

   It affects your AC (+5).
   It protects you from fire.
   It protects you from poison.
   It lets you go berserk.
 L - the +6 Majin-Bo {vamp, Archmagi MP+6 Int+6}
   (You found it in the Dungeon)

   It inflicts no extra harm, but heals its wielder somewhat when it strikes a
   living foe.
   It affects your intelligence (+6).
   It affects your magic capacity (+6).
 O - a +5 demon whip
 Z - the +7 falchion of Mefoq (weapon) {distort, +Fly rC+ Str+5 Dex-2}
   (You found it in the Dungeon)

   It warps and distorts space around it.
   Unwielding it can cause banishment or high damage.
   It affects your strength (+5).
   It affects your dexterity (-2).
   It protects you from cold.
   It lets you fly.
Missiles
 b - 20 stones (quivered)
Armour
 E - a +1 cloak of poison resistance (worn)
 M - the +15 Maxwell's patent armour (worn) {-Cast -Tele rElec MR+ rCorr}
   (You found it in the Dungeon)

   It insulates you from electricity.
   It affects your resistance to hostile enchantments.
   It prevents spellcasting.
   It prevents most forms of teleportation.
   It protects you from acid and corrosion.
 N - the +18 shield of the gong (worn) {rElec rN+ MR+ EV-5}
   (You found it in the Dungeon)

   It affects your evasion (-5).
   It insulates you from electricity.
   It protects you from negative energy.
   It affects your resistance to hostile enchantments.
 S - a +2 robe of the Archmagi
Jewellery
 a - a +3 ring of protection (right hand)
 x - an uncursed ring of magical power
 G - a +6 ring of intelligence
 H - a +6 ring of intelligence
 I - a +6 ring of strength (left hand)
 Q - the amulet "Likhla Gote" {Harm *Drain rF+ rN++}
   (You found it in the Dungeon)

   [amulet of harm]

   It increases damage dealt and taken.
   It protects you from fire.
   It greatly protects you from negative energy.
 R - the ring "Jeroad" {rPois rN+ Int+4}
   (You found it in the Dungeon)

   [ring of poison resistance]

   It affects your intelligence (+4).
   It protects you from poison.
   It protects you from negative energy.
 Y - an uncursed amulet of magic regeneration
Wands
 y - a wand of disintegration (7/24)
 B - a wand of iceblast (5/15)
 C - a wand of lightning (5/15)
 D - a wand of acid (5/15)
Scrolls
 j - 4 scrolls of blinking
 n - 4 scrolls of amnesia
 o - 3 scrolls of recharging
 p - 7 scrolls of fog
 q - a scroll of holy word
 r - 5 scrolls of identify
 s - 5 scrolls of remove curse
 t - 2 scrolls of fear
 W - 2 scrolls of brand weapon
Potions
 e - 10 potions of curing
 f - 5 potions of heal wounds
 g - 3 potions of haste
 h - 7 potions of magic
 u - 2 potions of brilliance
 w - 4 potions of resistance
 z - 4 potions of agility
 A - 3 potions of might
Books
 c - a book of Geomancy

   Spells                             Type                      Level
   a - Sandblast                      Earth                        1
   b - Passwall                       Transmutation/Earth          2
   c - Stone Arrow                    Conjuration/Earth            3
   d - Petrify                        Transmutation/Earth          4
   e - Lee's Rapid Deconstruction     Earth                        5
 k - a book of the Sky

   Spells                             Type                      Level
   a - Summon Lightning Spire         Summoning/Air                4
   b - Airstrike                      Air                          4
   c - Silence                        Hexes/Air                    5
   d - Deflect Missiles               Charms/Air                   6
   e - Conjure Ball Lightning         Conjuration/Air              6
   f - Tornado                        Air                          9
 P - the Tome of the Freezing Oath
   (You found it in the Dungeon)

   Spells                             Type                      Level
   a - Corona                         Hexes                        1
   b - Ensorcelled Hibernation        Hexes/Ice                    2
   c - Metabolic Englaciation         Hexes/Ice                    5
   d - Bolt of Cold                   Conjuration/Ice              6
   e - Invisibility                   Hexes                        6
 T - the Papyrus of Arcane Weapons and Execration
   (You found it in the Dungeon)

   Spells                             Type                      Level
   a - Tukima's Dance                 Hexes                        3
   b - Throw Icicle                   Conjuration/Ice              4
   c - Iskenderun's Mystic Blast      Conjuration                  4
   d - Poisonous Cloud                Conjuration/Poison/Air       6
 V - a book of Spatial Translocations

   Spells                             Type                      Level
   a - Apportation                    Translocation                1
   b - Blink                          Translocation                2
   c - Shroud of Golubria             Charms/Translocation         2
   d - Portal Projectile              Translocation                3
   e - Teleport Other                 Translocation                3
   f - Passage of Golubria            Translocation                4
Miscellaneous
 J - a sack of spiders
 U - a box of beasts {used: 1}
 X - a sack of spiders
Comestibles
 d - 3 bread rations
 l - 42 fruits
 m - 4 meat rations


   Skills:
 - Level 1.5 Dodging
 - Level 2.1 Stealth
 + Level 14.8 Spellcasting
 - Level 8.6 Conjurations
 - Level 0.7 Transmutations
 + Level 9.2 Air Magic
 - Level 13.4 Earth Magic
 - Level 5.8 Evocations


You had 15 spell levels left.
You knew the following spells:

 Your Spells              Type           Power        Failure   Level  Hunger
a - Sandblast             Erth           ######       1%          1    None
b - Stone Arrow           Conj/Erth      ######       8%          3    None
c - Lee's Rapid Deconstr  Erth           ######....   38%         5    ###....
d - Petrify               Trmt/Erth      #####...     100%        4    None
e - Blink                 Tloc           N/A          100%        2    None
f - Tornado               Air            #####.....   100%        9    #######


Dungeon Overview and Level Annotations

Branches:
Dungeon (1/1)

Altars:
Ashenzari
Cheibriados
Dithmenos
Elyvilon
Fedhas
Gozag
Kikubaaqudgha
Makhleb
Nemelex Xobeh
Okawaru
Pakellas
Qazlal
Ru
Sif Muna
Trog
Vehumet
Xom
Yredelemnul
Zin
The Shining One
Beogh
Jiyva
Lugonu


Innate Abilities, Weirdness & Mutations

You are resistant to torment.
Your stone body is resilient (AC +7).
You are immune to poison.
You resist negative energy.
You are resistant to electric shocks.
You can survive without breathing.
You are immune to petrification.
You are immune to rotting.


Message History

The vault guard hits you but does no damage.
You block the big kobold's attack.
BONNNG!
The guardian serpent hits you but does no damage.
The vault guard blocks your attack.
The vault guard is almost dead.
You flicker for a moment.
You block the guardian serpent's attack.
BOUMMMMG!
You block the big kobold's attack.
BONNNG!
You block the vault guard's attack.
GONNNNG!
You block the guardian serpent's attack.
BOUMMMMG!
You block the big kobold's attack.
GONNNNG!
The guardian serpent hits you but does no damage.
The vault guard hits you with a long sword.
You die...

▓..8©8..▓
▓..)}}=:..▓.=.)|..▓
▓....[)...▓...[...▓
▓.........▓.......▓
▓.........▓.......▓
▓.........▓.......▓
▓...(..(c.▓.......▓
▓...\.((pK▓†▓...▓.▓
▓....(..S@▓.......▓
▓▓▓▓▓▓▓▓▓▓▓▓▓▓▓▓▓▓▓


You could see a vault guard, a guardian serpent shaped shifter, a yaktaur and a
big kobold shaped shifter.

Vanquished Creatures
  2 vault guards (D)
  A deep elf knight (D)
  An orange demon (D)
  A yaktaur (D)
  A red devil (D)
  3 jumping spiders (D)
  Sigmund (D)
  A yak (D)
  A water moccasin (D)
  A hell hound (D)
  A porcupine (D)
  A phantom (D)
  A necrophage (D)
  A centaur (D)
  Blork the orc (D)
  A scorpion (D)
  A crimson imp (D)
  A quasit (D)
  An iguana (D)
  Jessica (D)
  2 adders (D)
  A river rat (D)
  2 white imps (D)
  2 bat zombies (D)
  A ball python (D)
  A jackal skeleton (D)
  A quokka skeleton (D)
33 creatures vanquished.

Vanquished Creatures (collateral kills)
  A wolf spider (D)
1 creature vanquished.

Vanquished Creatures (others)
  A yaktaur captain (D)
  A cyclops (D)
  A yak (D)
3 creatures vanquished.

Grand Total: 37 creatures vanquished

Notes
Turn   | Place    | Note
--------------------------------------------------------------
     0 | D        | varam the Gargoyle Earth Elementalist began the quest for the Orb.
     0 | D        | Reached XP level 1. HP: 10/10 MP: 3/3
     3 | D        | Found an iron altar of Okawaru.
     3 | D        | Found a radiant altar of Vehumet.
     3 | D        | Found a burning altar of Makhleb.
     3 | D        | Found a shimmering altar of Xom.
     3 | D        | Found a deep blue altar of Sif Muna.
     4 | D        | Found a bloodstained altar of Trog.
     5 | D        | Found a corrupted altar of Lugonu.
     5 | D        | Found a roughly hewn altar of Beogh.
     5 | D        | Found a white marble altar of Elyvilon.
     5 | D        | Found a viscous altar of Jiyva.
     5 | D        | Found a sparkling altar of Nemelex Xobeh.
    51 | D        | Became a worshipper of Vehumet
   137 | D        | Entered arena 1.
   137 | D        | Noticed a hell hound
   137 | D        | Noticed a crimson imp
   140 | D        | Killed a crimson imp
   140 | D        | Reached skill level 4 in Spellcasting
   140 | D        | Reached skill level 5 in Earth Magic
   140 | D        | Reached XP level 2. HP: 15/15 MP: 4/7
   140 | D        | Reached XP level 3. HP: 19/19 MP: 4/8
   144 | D        | Killed a hell hound
   144 | D        | Reached skill level 6 in Spellcasting
   144 | D        | Reached XP level 4. HP: 24/24 MP: 4/12
   144 | D        | Reached XP level 5. HP: 28/28 MP: 4/14
   148 | D        | Got the amulet "Likhla Gote" {Harm *Drain rF+ rN++}
   151 | D        | Got the ring "Jeroad" {rPois rN+ Int+4}
   204 | D        | Entered arena 2.
   204 | D        | Noticed Sigmund
   204 | D        | Noticed Jessica
   204 | D        | Noticed Blork the orc
   212 | D        | Killed Jessica
   212 | D        | Reached * piety under Vehumet
   212 | D        | Offered knowledge of Shock by Vehumet.
   212 | D        | Reached skill level 7 in Spellcasting
   214 | D        | Killed Blork the orc
   214 | D        | Reached XP level 6. HP: 32/32 MP: 14/16
   225 | D        | Killed Sigmund
   225 | D        | Reached skill level 8 in Spellcasting
   225 | D        | Reached skill level 10 in Earth Magic
   225 | D        | Reached skill level 5 in Evocations
   256 | D        | Learned a level 3 spell: Stone Arrow
   262 | D        | Learned a level 5 spell: Lee's Rapid Deconstruction
   267 | D        | Learned a level 4 spell: Petrify
   276 | D        | Learned a level 2 spell: Blink
   291 | D        | Entered arena 3.
   291 | D        | Noticed a water moccasin
   297 | D        | Killed a water moccasin
   297 | D        | Reached ** piety under Vehumet
   297 | D        | Reached skill level 9 in Spellcasting
   297 | D        | Reached XP level 7. HP: 36/36 MP: 17/19
   341 | D        | Entered arena 4.
   341 | D        | Noticed a jumping spider
   341 | D        | Noticed a jumping spider
   341 | D        | Noticed a jumping spider
   349 | D        | Killed a jumping spider
   349 | D        | Reached *** piety under Vehumet
   349 | D        | Reached skill level 10 in Spellcasting
   355 | D        | Killed a jumping spider
   355 | D        | Reached skill level 11 in Spellcasting
   355 | D        | Reached skill level 5 in Conjurations
   355 | D        | Reached XP level 8. HP: 41/41 MP: 21/23
   380 | D        | Killed a jumping spider
   380 | D        | Offered knowledge of Throw Frost by Vehumet.
   385 | D        | Got the +7 falchion of Mefoq {distort, +Fly rC+ Str+5 Dex-2}
   396 | D        | Entered arena 5.
   396 | D        | Noticed an orange demon
   396 | D        | Noticed a red devil
   400 | D        | Reached **** piety under Vehumet
   415 | D        | Killed a red devil
   415 | D        | Reached skill level 12 in Spellcasting
   420 | D        | Killed an orange demon
   420 | D        | Reached XP level 9. HP: 36/45 MP: 25/25
   456 | D        | Entered arena 6.
   458 | D        | Reached ***** piety under Vehumet
   598 | D        | Entered arena 7.
   611 | D        | Offered knowledge of Throw Flame by Vehumet.
   613 | D        | Reached skill level 13 in Spellcasting
   621 | D        | Reached ****** piety under Vehumet
   638 | D        | Reached skill level 5 in Air Magic
   638 | D        | Reached XP level 10. HP: 45/50 MP: 27/27
   653 | D        | Learned a level 9 spell: Tornado
   832 | D        | Entered arena 8.
   832 | D        | Noticed a cyclops
   832 | D        | Noticed a centaur warrior
   832 | D        | Noticed a yaktaur captain
   832 | D        | Noticed a cyclops
   837 | D        | Banished a cyclops
   840 | D        | Killed a yaktaur captain
   844 | D        | Offered knowledge of Force Lance by Vehumet.
   867 | D        | Identified the Tome of the Freezing Oath (You found it in the Dungeon)
   869 | D        | Identified the Papyrus of Arcane Weapons and Execration (You found it in the Dungeon)
  1063 | D        | Entered arena 9.
  1063 | D        | Noticed a deep elf knight
  1063 | D        | Noticed a vault guard
  1063 | D        | Noticed a wolf spider
  1063 | D        | Noticed a vault guard
  1063 | D        | Noticed a vault guard
  1067 | D        | Killed a wolf spider
  1067 | D        | Offered knowledge of Bolt of Magma by Vehumet.
  1078 | D        | Killed a deep elf knight
  1078 | D        | Reached skill level 14 in Spellcasting
  1102 | D        | Noticed a mana viper
  1102 | D        | a tarantella changed into a mana viper
  1119 | D        | Killed a vault guard
  1128 | D        | Noticed a guardian serpent
  1128 | D        | a mana viper changed into a guardian serpent
  1131 | D        | HP: 1/75 [vault guard/war axe (8)]
  1133 | D        | Killed a vault guard
  1133 | D        | Reached XP level 11. HP: 2/54 MP: 7/29
  1137 | D        | Slain by a vault guard

Skill      XL: |  1  2  3  4  5  6  7  8  9 10 |
---------------+-------------------------------+-----
Spellcasting   | 4 6 7 9 11 12 13 14 | 14.8
Earth Magic    | 5 7 8 10 11 12 13 | 13.4
Evocations     | 2 4 5 |  5.8
Conjurations   | 2 5 7 8 |  8.6
Air Magic      | 5 9 |  9.2
Dodging        | |  1.5
Stealth        | |  2.1
Transmutations | |  0.7

Action                   |  1- 3 |  4- 6 |  7- 9 | 10-12 || total
-------------------------+-------+-------+-------+-------++-------
Melee: Lance             |     5 |    21 |    55 |    24 ||   105
       Falchion          |       |       |    39 |    41 ||    80
 Abil: Evoke Berserk Rag |     1 |     2 |     1 |     1 ||     5
Evoke: Sack of spiders   |       |       |     1 |     1 ||     2
       Box of beasts     |       |       |       |     1 ||     1
  Use: Potion            |       |       |     5 |    12 ||    17
 Stab: Invisible         |       |       |       |     2 ||     2
  Eat: Chunk             |       |       |     3 |     3 ||     6
       Bread ration      |       |       |       |     2 ||     2
Armor: Plate armour      |     1 |    13 |    68 |   111 ||   193
Dodge: Dodged            |     1 |       |     3 |    18 ||    22
Block: Shield            |     6 |    12 |   140 |   160 ||   318
